 Dungeon Crawl Stone Soup version 0.30-a0-121-gb27577e5d9 (webtiles) character file.

Game seed: 4606307163561697032

9 ragingrage the Ducker (level 2, 0/21 HPs)
             Began as a Demonspawn Wanderer on Sept 14, 2022.
             Slain by a hobgoblin (2 damage)
             ... on level 1 of the Dungeon.
             The game lasted 00:00:40 (664 turns).

ragingrage the Ducker (Demonspawn Wanderer)          Turns: 664, Time: 00:00:40

Health: 0/21       AC:  3    Str: 11    XL:     2   Next: 6%
Magic:  3/3        EV: 13    Int: 12    God:
Gold:   10         SH:  0    Dex: 14    Spells: 2/3 levels left

rFire   . . .      SeeInvis .    a - +0 dagger
rCold   . . .      Faith    .    (no shield)
rNeg    . . .      Spirit   .    c - +0 robe
rPois   .          Reflect  .    (no helmet)
rElec   .          Harm     .    d - +0 cloak
rCorr   .          Rampage  .    (no gloves)
Will    .....                    (no boots)
Stlth   +.........               (no amulet)
HPRegen 0.07/turn                (no ring)
MPRegen 0.08/turn                (no ring)

@: no status effects
A: powered by pain 1
a: no special abilities


You were on level 1 of the Dungeon.
You visited 1 branch of the dungeon, and saw 1 of its levels.

You collected 10 gold pieces.

Inventory:

Hand Weapons
 a - a +0 dagger (weapon)
Armour
 c - a +0 robe (worn)
 d - a +0 cloak (worn)
Scrolls
 b - a scroll of vulnerability
 e - a scroll of identify {unknown}
Potions
 f - a potion of ambrosia {unknown}


   Skills:
 - Level 1.0 Fighting
 - Level 3.6 Dodging
 - Level 1.0 Spellcasting
 + Level 2.1 Summonings
 - Level 2.1 Necromancy
 - Level 1.2 Invocations


You had 2 spell levels left.
You knew the following spells:

 Your Spells              Type           Power      Damage    Failure   Level
a - Summon Small Mammal   Summ           20%        N/A       12%         1

Your spell library contained the following spells:

 Spells                   Type           Power      Damage    Failure   Level
 Necrotise                Necr           20%        1d5       12%         1
 Cigotuvi's Dreadful Rot  Necr/Pois/Air  4%         N/A       34%         2
 Summon Guardian Golem    Hex/Summ       3%         N/A       50%         3
 Dispel Undead            Necr           5%         3d7       77%         4


Dungeon Overview and Level Annotations

Branches:
Dungeon (1/15)

Altars:

Shops:
D:1 [


Innate Abilities, Weirdness & Mutations

You sometimes gain a little power by taking damage.


Message History

The hobgoblin completely misses you.
The hobgoblin hits you but does no damage.
The hobgoblin closely misses you. The hobgoblin closely misses you.
The hobgoblin hits you. The hobgoblin barely misses you.
The hobgoblin barely misses you.
The hobgoblin hits you but does no damage.
The hobgoblin hits you. The hobgoblin barely misses you.
The hobgoblin closely misses you.
The hobgoblin hits you but does no damage.
The hobgoblin misses you. The hobgoblin misses you.
The hobgoblin hits you but does no damage.
The hobgoblin hits you but does no damage.
The hobgoblin hits you. The hobgoblin barely misses you.
The hobgoblin misses you. The hobgoblin barely misses you.
The hobgoblin barely misses you. The hobgoblin hits you.
The hobgoblin closely misses you. The hobgoblin barely misses you.
The hobgoblin closely misses you. The hobgoblin misses you.
The hobgoblin hits you. The hobgoblin misses you.
The hobgoblin completely misses you.
The hobgoblin hits you but does no damage.
The hobgoblin hits you.
* * * LOW HITPOINT WARNING * * *
The hobgoblin closely misses you. The hobgoblin barely misses you.
The hobgoblin barely misses you. The hobgoblin hits you.
* * * LOW HITPOINT WARNING * * *
The hobgoblin barely misses you. The hobgoblin hits you.
You die...

#..⌠⌠⌠.~⌠~⌠.#
............#
#.........##
+.........+
#.........#
#.....†.##
##.....##
##...######
#....@g..#
#..#####.#
#.. #.. ...
#... ##..


You could see a hobgoblin.

Vanquished Creatures
  An endoplasm (D:1)
  A ball python (D:1)
  A bat (D:1)
  3 rats (D:1)
6 creatures vanquished.

Vanquished Creatures (collateral kills)
  A dart slug (D:1)
  A ball python (D:1)
  A bat (D:1)
3 creatures vanquished.

Grand Total: 9 creatures vanquished

Notes
Turn   | Place    | Note
-------+----------+-------------------------------------------
     0 | D:1      | ragingrage the Demonspawn Wanderer began the quest for the
                  | Orb.
     0 | D:1      | ragingrage set off with the following items: a +0 dagger, a
                  | scroll of vulnerability, a +0 robe, a +0 cloak; and the
                  | following spells available to memorise: Necrotise, Summon
                  | Small Mammal, Cigotuvi's Dreadful Rot, Summon Guardian
                  | Golem, Dispel Undead.
     0 | D:1      | Reached XP level 1. HP: 15/15 MP: 2/2
    37 | D:1      | Learned a level 1 spell: Summon Small Mammal
   429 | D:1      | Found Goocvut's Armour Shoppe.
   531 | D:1      | Found a faded altar of an unknown god.
   545 | D:1      | Gained mutation: You sometimes gain a little power by
                  | taking damage. [demonic ancestry]
   545 | D:1      | Reached XP level 2. HP: 17/21 MP: 0/3
   664 | D:1      | Slain by a hobgoblin

Illustrated notes

Levels and vault maps discovered:
D:1:      dpeg_arrival_signposts, layout_loops_corners, serial_shops,
          nicolae_shop_hallway_plus, nicolae_lakefront_shop, shop_fountains,
          shapermc_ecumenical_altar_acropolis, chequers_serial_rivers_room_a

Skill      XL: |  1 |
---------------+----+-----
Summonings     | 2 |  2.1
Fighting       | |  1.0
Dodging        | |  3.6
Spellcasting   | |  1.0
Necromancy     | |  2.1
Invocations    | |  1.2

Action                   || total
-------------------------++-------
Melee: Dagger            ||    38
       Punch             ||     1
 Cast: Summon Small Mamm ||     9
Armor: Robe              ||    22
Dodge: Dodged            ||    58

Table legend: (Time is in decaauts)
 A = Elapsed time spent in this place.
 B = Non-inter-level travel time spent in this place.
 C = Inter-level travel time spent in this place.
 D = Time resting spent in this place.
 E = Time spent auto-exploring this place.
 F = Levels seen in this place.
 G = Mean time per level.
                   A        B        C        D        E       F      G
               +--------+--------+--------+--------+--------+-----+--------+
         Total |    664 |    664 |      0 |      9 |    519 |   1 |  664.0 |
       Dungeon |    664 |    664 |      0 |      9 |    519 |   1 |  664.0 |
               +--------+--------+--------+--------+--------+-----+--------+

Top non-repeatable levels by time:
     D:1: 664 daAuts
